 Dungeon Crawl Stone Soup version 0.23-a0-57-gd13e5294dc (webtiles) character file.

629 OlSheep the Changer (level 7, 0/33 HPs)
             Began as a Vine Stalker Transmuter on Aug 8, 2018.
             Slain by Duvessa
             ... wielding a +0 short sword
              (11 damage)
             ... on level 4 of the Dungeon on Aug 9, 2018.
             The game lasted 00:24:51 (3725 turns).

OlSheep the Changer (Vine Stalker Transmuter)       Turns: 3725, Time: 00:24:53

Health: 0/33       AC:  4    Str: 12    XL:     7   Next: 48%
Magic:  0/13       EV: 15    Int: 15    God:
Gold:   241        SH:  0    Dex: 15    Spells: 3/13 levels left

rFire    . . .     SeeInvis .     - Unarmed
rCold    . . .     Gourm    .   (no shield)
rNeg     + + .     Faith    .   s - +1 robe {rN+}
rPois    .         Spirit   +   c - +0 helmet
rElec    .         Reflect  .   (no cloak)
rCorr    .         Harm     .   (no gloves)
MR       .....                  (no boots)
Stlth    +.........             q - amulet of rage
HPRegen  0.51/turn              l - ring of positive energy
MPRegen  0.13/turn              z - +3 ring of evasion

@: very slightly contaminated
A: fangs 2, regeneration 1, magic shield, antimagic bite, no potion heal 3, rot
immunity
a: Evoke Berserk Rage


You were on level 4 of the Dungeon.
You were near starving.

You visited 1 branch of the dungeon, and saw 4 of its levels.

You collected 241 gold pieces.

Inventory:

Missiles
 a - 12 arrows
Armour
 c - a +0 helmet (worn)
 o - a +2 large shield of protection
 s - a +1 robe of positive energy (worn)
Jewellery
 l - a ring of positive energy (left hand)
 q - an amulet of rage (around neck)
 u - an uncursed amulet of regeneration
 z - a +3 ring of evasion (right hand)
Wands
 m - a wand of iceblast (4)
Scrolls
 b - a scroll of fog {unknown}
 e - 5 scrolls of identify
 g - 2 scrolls of random uselessness {unknown}
 h - 2 scrolls of remove curse {unknown}
 i - 2 scrolls of amnesia {unknown}
 j - 3 scrolls of enchant weapon {unknown}
 k - 3 scrolls of teleportation
 p - a scroll of fear {unknown}
 w - a scroll of magic mapping {unknown}
 y - a scroll of noise {unknown}
Potions
 f - a potion of berserk rage {unknown}
 n - a potion of curing {unknown}
 r - a potion of haste {unknown}
 t - a potion of brilliance {unknown}
 v - a potion of might {unknown}
 x - a potion of ambrosia {unknown}
Comestibles
 d - 5 rations


   Skills:
 + Level 1.2 Fighting
 - Level 1.5 Dodging
 + Level 4.1 Unarmed Combat
 + Level 3.5 Spellcasting
 + Level 5.8 Transmutations
 * Level 3.3 Poison Magic


You had 3 spell levels left.
You knew the following spells:

 Your Spells              Type           Power        Failure   Level  Hunger
a - Beastly Appendage     Tmut           ###...       1%          1    None
b - Sticks to Snakes      Tmut           ###.....     2%          2    ##.....
c - Spider Form           Tmut/Pois      ###.......   9%          3    ###....
d - Ice Form              Ice/Tmut       ##......     50%         4    ####...

Your spell library contained the following spells:

 Spells                   Type           Power        Failure   Level  Hunger
 Blade Hands              Tmut           ###.......   43%         5    ######.


Dungeon Overview and Level Annotations

Branches:
Dungeon (4/15)
 Temple: D:4-7

Altars:
Gozag
Wu Jian

Annotations:
D:4 Duvessa, Pikel


Innate Abilities, Weirdness & Mutations

You have extremely sharp teeth.
Your natural rate of healing is unusually fast.
When hurt, damage is shared between your health and your magic reserves.
Your bite disrupts and absorbs the magic of your enemies.
Potions cannot restore your health.
You are immune to rotting.


Message History

Your adder dies!
Things that are here:
a dagger; a robe; the elf corpse of Dowan
Okay, then.
Your transformation has ended.
Your +0 helmet unmelds from your body.
Your +1 robe of positive energy unmelds from your body.
You feel more protected from negative energy.
Duvessa hits you with a short sword.
Casting: Sticks to Snakes (safe; 2% risk of failure)
Confirm with . or Enter, or press ? or * to list all spells.
You don't have enough magic to cast that spell.
Duvessa rages.
Duvessa hits you with a short sword!
* * * LOW HITPOINT WARNING * * *
There is an open door here.
Duvessa rages.
Duvessa misses you. Duvessa hits you with a short sword!
You die...

#........ #........
#........ ####
......... #..#####
......# #..'.).#
......+ #....#..#...#
......# #....#..#...#
.###### #....#.e#...#
##<..# +....#.@##..#
.....# #....#..##w.#
.....#####....#..#...#
.....'...#....#..#...#
.....#...#....'..#...#
##.####..#....#..#
##.####..#[...#..#
.........#....#..#
.........'....#..#####


You could see Duvessa (berserk).

Vanquished Creatures
  Sigmund (D:3)
  4 slaves (D:4)
  Dowan (D:4)
  A howler monkey (D:3)
  An orc priest (D:3)
  2 orc wizards (D:3)
  A hound (D:4)
  Natasha (thrice) (D:3)
  Robin (D:3)
  A gnoll (D:4)
  6 adders
  2 oozes
  5 dart slugs
  A worm (D:3)
  4 leopard geckos
  6 orcs (D:3)
  5 giant cockroaches
  9 goblins
  10 hobgoblins
  5 kobolds
  A quokka (D:3)
  2 ball pythons (D:2)
  4 bats
  7 frilled lizards
  7 rats
90 creatures vanquished.

Vanquished Creatures (collateral kills)
  An ogre (D:4)
  A worker ant (D:4)
  3 adders (D:2)
  A goblin (D:2)
  A rat (D:2)
7 creatures vanquished.

Grand Total: 97 creatures vanquished

Notes
Turn   | Place    | Note
-------+----------+-------------------------------------------
     0 | D:1      | OlSheep the Vine Stalker Transmuter began the quest for the Orb.
     0 | D:1      | Reached XP level 1. HP: 9/9 MP: 4/4
   161 | D:1      | Reached XP level 2. HP: 7/14 MP: 2/6
   169 | D:1      | Learned a level 2 spell: Sticks to Snakes
   580 | D:1      | Reached XP level 3. HP: 14/17 MP: 6/8
   629 | D:1      | Learned a level 3 spell: Spider Form
   870 | D:2      | Reached skill level 1 in Poison Magic
  1112 | D:2      | Gained mutation: Your natural rate of healing is unusually fast. [Vine Stalker growth]
  1112 | D:2      | Reached XP level 4. HP: 15/21 MP: 4/9
  1262 | D:2      | Reached skill level 3 in Transmutations
  1403 | D:2      | You fall through a shaft for 2 floors!
  1406 | D:4      | Stupid shaft trap
  1562 | D:4      | Reached XP level 5. HP: 25/25 MP: 8/10
  1628 | D:4      | Learned a level 4 spell: Ice Form
  1646 | D:4      | Noticed Pikel
  1646 | D:4      | Noticed a slave
  1646 | D:4      | Noticed a slave
  1646 | D:4      | Noticed a slave
  1650 | D:4      | Noticed a slave
  1862 | D:3      | Found an ornate altar of the Wu Jian Council.
  2001 | D:4      | Killed a slave
  2030 | D:4      | Killed a slave
  2067 | D:4      | Killed a slave
  2072 | D:4      | Killed a slave
  2226 | D:3      | Found an opulent altar of Gozag.
  2228 | D:3      | Noticed Natasha
  2240 | D:3      | Killed Natasha
  2240 | D:3      | Reached skill level 4 in Transmutations
  2426 | D:3      | Reached XP level 6. HP: 29/29 MP: 8/11
  2633 | D:3      | Noticed Robin
  2643 | D:3      | Killed Robin
  2713 | D:3      | Noticed Natasha
  2718 | D:3      | Killed Natasha
  2725 | D:3      | Reached skill level 1 in Fighting
  2725 | D:3      | Reached skill level 5 in Transmutations
  2821 | D:3      | Noticed Sigmund
  2833 | D:3      | Killed Sigmund
  2833 | D:3      | Reached XP level 7. HP: 33/33 MP: 3/12
  3217 | D:3      | Noticed Natasha
  3226 | D:3      | Killed Natasha
  3590 | D:4      | Upgraded the game from 0.23-a0-54-gae6112e33f to 0.23-a0-57-gd13e5294dc
  3694 | D:4      | Noticed Dowan
  3709 | D:4      | Killed Dowan
  3710 | D:4      | Noticed Duvessa
  3725 | D:4      | Slain by Duvessa

Vault maps used:
D:1:      scummos_arrival_star
D:2:      guppyfry_early_lair_pool
D:3:      nicolae_overflow_hidden_temple, minmay_fountain_box,
          minmay_crystal_room, grunt_gozag_statues, uniq_sigmund, uniq_natasha,
          uniq_robin
D:4:      kennysheep_generic_room_14, uniq_duvessa, uniq_pikel

Skill      XL: |  1  2  3  4  5  6  7 |
---------------+----------------------+-----
Spellcasting   | 3 |  3.5
Poison Magic   | 1 2 3 |  3.3
Transmutations | 3 4 5 |  5.8
Fighting       | 1 |  1.2
Unarmed Combat | 4 |  4.1
Dodging        | |  1.5

Action                   |  1- 3 |  4- 6 |  7- 9 || total
-------------------------+-------+-------+-------++-------
Melee: Unarmed           |    79 |   169 |    38 ||   286
       Bite              |    16 |    21 |     4 ||    41
       Kick              |    13 |    24 |     7 ||    44
       Punch             |     3 |       |       ||     3
 Cast: Beastly Appendage |    18 |    22 |     6 ||    46
       Sticks to Snakes  |     5 |     9 |     6 ||    20
       Spider Form       |       |     8 |     3 ||    11
  Use: Scroll            |       |     2 |     1 ||     3
 Stab: Sleeping          |     1 |     2 |       ||     3
       Distracted        |       |       |     1 ||     1
  Eat: Chunk             |     1 |     7 |     2 ||    10
Armor: Robe              |    27 |    12 |     2 ||    41
       Skin              |       |     2 |       ||     2
Dodge: Dodged            |    41 |   103 |    27 ||   171

Table legend:
 A = Spawn XP
 B = Non-spawn XP
 C = Spawn XP percentage of total XP
 D = Spawn monster count
 E = Non-spawn monster count
 F = Spawn count percentage of total count
 G = Total turns spent on level
                    A         B        C        D         E        F      G
               +---------+---------+-------+---------+---------+-------+---------
         Total |       0 |     899 |   0.0 |       0 |      93 |   0.0 |  3725
               +---------+---------+-------+---------+---------+-------+---------
           D:1 |       0 |      35 |   0.0 |       0 |      19 |   0.0 |   734
           D:2 |       0 |     111 |   0.0 |       0 |      26 |   0.0 |   977
           D:3 |       0 |     501 |   0.0 |       0 |      41 |   0.0 |  1100
           D:4 |       0 |     252 |   0.0 |       0 |       7 |   0.0 |   914
               +---------+---------+-------+---------+---------+-------+---------
